 Dungeon Crawl Stone Soup version 0.19.5 (webtiles) character file.

12097 equalderp2856 the Jinx (level 11, -5/46 HPs)
             Began as a Felid Fighter on Apr 2, 2017.
             Slain by a swamp worm (24 damage)
             ... on level 1 of the Lair of Beasts.
             The game lasted 01:37:41 (33678 turns).

equalderp2856 the Jinx (Felid Fighter)             Turns: 33678, Time: 01:37:42

Health: -5/46      AC:  3    Str: 16    XL:     11   Next: 58%
Magic:  25/25      EV: 24    Int: 12    God:
Gold:   899        SH:  0    Dex: 17    Spells: 4 memorised, 21 levels left
                                        Lives:  0   Deaths: 3

rFire  x . .     SeeInvis +       - Unarmed
rCold  + + .     Gourm    .     (armour unavailable)
rNeg   . . .     Faith    .     (shield unavailable)
rPois  .         Spirit   .     (helmet unavailable)
rElec  .         Reflect  .     (cloak unavailable)
rCorr  .         Harm     .     (gloves unavailable)
MR     +....                    (boots unavailable)
Stlth  +++.......               (no amulet)
                                Y - ring "Iskootz" {Ice Str+3 Stlth+}
                                G - ring of wizardry

@: quick
A: no armour, no weapons or thrown items, stealth, claws 1, fangs 3, see
invisible, carnivore 3, speed 1, shaggy fur 3, slow metabolism 1, sharp paws
a: no special abilities


You were on level 1 of the Lair of Beasts.
You were not hungry.

You visited 2 branches of the dungeon, and saw 15 of its levels.
You also visited: Bailey and Ice Cave.

You collected 899 gold pieces.

Inventory:

Missiles
 S - 109 stones
 T - 118 arrows
Jewellery
 c - a +3 ring of slaying
 t - a +6 ring of slaying
 z - an uncursed ring of resist corrosion
 B - an uncursed ring of protection from magic
 E - an uncursed ring of wizardry
 F - an uncursed ring of flight
 G - a ring of wizardry (left paw)
 L - an uncursed ring of protection from fire
 Y - the ring "Iskootz" (right paw) {Ice Str+3 Stlth+}
   (You found it in an ice cave)

   [ring of ice]

   It enhances your ice magic.
   It affects your strength (+3).
   It makes you vulnerable to fire.
   It protects you from cold.
   It makes you more stealthy.
Wands
 o - a wand of iceblast (7/15)
 w - a wand of teleportation (6/9)
 y - a wand of disintegration (2/24)
 D - a wand of lightning (6/15)
 K - a wand of confusion (17/48)
 N - a wand of confusion (10/48)
 O - a wand of iceblast (10/15)
 V - a wand of polymorph (6/24)
 Z - a wand of confusion (40/48)
Scrolls
 e - 2 scrolls of blinking
 g - 2 scrolls of magic mapping
 i - 12 scrolls of identify
 j - 3 scrolls of recharging
 k - 4 scrolls of amnesia
 m - 8 scrolls of remove curse
 r - 4 scrolls of fear
 s - a scroll of teleportation
 W - 2 scrolls of fog
Potions
 a - a potion of magic
 f - a potion of lignification
 u - 3 potions of flight
 v - a potion of might
 A - a potion of haste
 I - 2 potions of brilliance
 J - 2 potions of agility
Books
 l - a book of Maledictions

   Spells                             Type                      Level
   a - Corona                         Hexes                        1
   b - Ensorcelled Hibernation        Hexes/Ice                    2
   c - Confuse                        Hexes                        3
   d - Tukima's Dance                 Hexes                        3
   e - Dazzling Spray                 Conjuration/Hexes            3
 C - a book of Power

   Spells                             Type                      Level
   a - Fulminant Prism                Conjuration/Hexes            4
   b - Iskenderun's Mystic Blast      Conjuration                  4
   c - Venom Bolt                     Conjuration/Poison           5
   d - Bolt of Magma                  Conjuration/Fire/Earth       5
   e - Iron Shot                      Conjuration/Earth            6
   f - Orb of Destruction             Conjuration                  7
   g - Spellforged Servitor           Conjuration/Summoning        7
 H - a book of Clouds

   Spells                             Type                      Level
   a - Mephitic Cloud                 Conjuration/Poison/Air       3
   b - Conjure Flame                  Conjuration/Fire             3
   c - Poisonous Cloud                Conjuration/Poison/Air       6
   d - Freezing Cloud                 Conjuration/Ice/Air          6
   e - Ring of Flames                 Charms/Fire                  7
 P - a book of Conjurations

   Spells                             Type                      Level
   a - Magic Dart                     Conjuration                  1
   b - Searing Ray                    Conjuration                  2
   c - Dazzling Spray                 Conjuration/Hexes            3
   d - Fulminant Prism                Conjuration/Hexes            4
   e - Iskenderun's Mystic Blast      Conjuration                  4
   f - Iskenderun's Battlesphere      Conjuration/Charms           5
Miscellaneous
 Q - a phantom mirror
Comestibles
 b - 9 meat rations
 d - a beef jerky
 q - 7 slices of pizza
 U - a royal jelly


   Skills:
 + Level 4.5 Fighting
 + Level 8.9 Dodging
 + Level 12.0 Stealth
 + Level 12.2 Unarmed Combat
 + Level 9.4 Spellcasting
 + Level 13.6 Hexes
 + Level 4.9 Ice Magic
 + Level 1.4 Evocations


You had 21 spell levels left.
You knew the following spells:

 Your Spells              Type           Power        Failure   Level  Hunger
a - Corona                Hex            #####..      1%          1    None
b - Ensorcelled Hibernat  Hex/Ice        #####.       1%          2    None
c - Confuse               Hex            #####...     1%          3    ##.....
d - Magic Dart            Conj           #...         6%          1    None


Dungeon Overview and Level Annotations

Branches:
Dungeon (12/15)            Temple (0/1) D:4            Lair (3/6) D:9
  Snake (0/4) Lair:2          Orc (0/2) D:10
  Swamp: Lair:2-4    Shoals: Lair:2-4

Altars:
Ashenzari
Cheibriados
Fedhas
Gozag
Makhleb
Okawaru
Qazlal
Ru
Uskayaw
Vehumet
Xom
The Shining One

Shops:
D:10 [

Annotations:
D:12 Sonja


Innate Abilities, Weirdness & Mutations

You cannot wear armour.
You are incapable of wielding weapons or throwing items.
Your paws allow you to move quietly. (Stealth)
You have sharp claws.
You have razor-sharp teeth.
You have supernaturally acute eyesight. (SInv)
You are carnivorous and can eat meat at any time.
You cover ground quickly.
Your thick and shaggy fur keeps you warm. (AC +3, rC+)
You have a slow metabolism.
Your sharp claws are effective at attacking unaware monsters.


Message History

You drop 3 potions of mutation.
Drop what? 46/52 slots (_ for help) (? for menu, Esc to quit)
You drop 14 fruits.
There is a staircase back to the Dungeon, spattered with blood here.
You enter the shallow water.
Moving in this stuff is going to be slow.
You see here 3 potions of mutation.
You enter the shallow water.
Moving in this stuff is going to be slow.
A swamp worm bursts forth from the water.
The swamp worm completely misses you.
A swamp worm bursts forth from the water.
The swamp worm misses you. The swamp worm bites you!
A swamp worm bursts forth from the water.
The swamp worm bites you! The swamp worm completely misses you.
The swamp worm misses you. The swamp worm bites you.
The swamp worm completely misses you.
The swamp worm completely misses you. x2; The swamp worm bites you!!
Ouch! That really hurt!
You die...

...........##....#......†........
.................................
.................................
.........................^.......
...........#....≈≈≈≈≈≈≈..........
......#.##.#..≈≈≈≈≈≈≈≈≈≈≈........
#......####..≈≈≈#######≈≈≈.##....
####...#####.≈≈P#w≈≈≈≈##≈≈.###P#.
#.....##..≈≈≈@w≈≈≈≈(#≈≈.# ####
##...####.≈≈≈#w≈≈≈≈##≈≈.##
##....###.≈≈≈#######≈≈≈#.#
#.#...##...≈≈≈≈≈≈≈≈≈≈≈####
###....#.....≈≈≈≈≈≈≈≈##
##...........#...###
#.................#
##..........<....##
#..............##


You could see 3 swamp worms.

Vanquished Creatures
  3 hydras
  An unseen horror (D:10)
  3 hill giants
  2 orc knights (Bailey)
  Pikel (D:5)
  2 ice statues (IceCv)
  4 elephants
  6 spiny frogs
  3 centaur skeletons (D:11)
  10 ice devils (IceCv)
  2 komodo dragons (Lair:1)
  2 trolls (D:10)
  A hornet (D:9)
  2 dream sheep (D:10)
  2 hippogriffs
  A shadow (D:11)
  A wyvern (D:7)
  A wraith (D:11)
  2 basilisks (Lair:2)
  27 yaks
  Grum (D:8)
  2 swamp worms (Lair:1)
  A hungry ghost (D:8)
  Menkaure (D:5)
  4 nagas (Lair:2)
  Edmund (D:4)
  A soldier ant (D:10)
  4 water moccasins
  6 orc warriors
  10 ice beasts
  2 porcupines (Lair:1)
  3 black bears (D:6)
  4 phantoms
  6 sky beasts
  7 centaurs
  An ogre (D:7)
  12 wolves
  2 crocodiles
  4 big kobolds
  11 bullfrogs
  A water moccasin skeleton (D:4)
  A scorpion (D:12)
  4 killer bees (D:11)
  A howler monkey (D:6)
  A centaur zombie (D:9)
  5 crimson imps
  A quasit (D:8)
  3 bullfrog zombies
  4 jellies
  2 hounds
  6 orc wizards
  An orc priest (D:8)
  An iguana (D:5)
  2 bullfrog skeletons
  8 worker ants
  A hound zombie (D:10)
  A hound skeleton (D:10)
  A howler monkey zombie (D:10)
  2 worker ant zombies
  11 adders
  17 gnolls
  A river rat (D:5)
  A shadow imp (D:5)
  4 white imps (IceCv)
  4 ufetubi (IceCv)
  2 oozes
  2 adder skeletons
  17 worms
  3 dart slugs (D:1)
  9 leopard geckos
  52 orcs
  5 ball pythons
  5 bats
  24 giant cockroaches
  5 goblins
  14 hobgoblins
  12 jackals
  4 quokkas
  12 frilled lizards
  3 jackal zombies
  10 kobolds
  A quokka zombie (D:7)
  11 rats
  A plant (Lair:1)
435 creatures vanquished.

Vanquished Creatures (others)
  2 slaves (D:5)
  A hound (D:5)
  A howler monkey skeleton (D:5)
  A gnoll (D:5)
  3 river rats (D:5)
  3 white imps (IceCv)
  8 ufetubi (IceCv)
  A leopard gecko (D:5)
  A quokka (D:5)
  11 fungi (Lair:2)
  20 plants
52 creatures vanquished.

Grand Total: 487 creatures vanquished

Notes
Turn   | Place    | Note
-------+----------+-------------------------------------------
     0 | D:1      | equalderp2856 the Felid Fighter began the quest for the Orb.
     0 | D:1      | Reached XP level 1. HP: 10/10 MP: 2/2
   324 | D:1      | Reached XP level 2. HP: 11/14 MP: 3/3
   754 | D:1      | Reached XP level 3. HP: 17/17 MP: 4/4
  1128 | D:2      | Found a glowing golden altar of the Shining One.
  1177 | D:2      | Found a hide-covered altar of Uskayaw.
  1501 | D:2      | Reached skill level 5 in Unarmed Combat
  1628 | D:2      | Reached XP level 4. HP: 21/21 MP: 5/5
  1978 | D:2      | Reached skill level 1 in Stealth
  2101 | D:2      | Found a stormy altar of Qazlal.
  2298 | D:3      | Found a faded altar of an unknown god.
  2395 | D:3      | Killed from afar by a hobgoblin
  2396 | D:3      | Reached XP level 3. HP: -3/17 MP: 4/4
  2471 | D:3      | Reached XP level 4. HP: 11/21 MP: 5/5
  3562 | D:4      | Reached XP level 5. HP: 21/24 MP: 6/6
  3810 | D:4      | Found a staircase to the Ecumenical Temple.
  4143 | D:4      | Gained mutation: You tend to lose your temper in combat. [potion of mutation]
  4143 | D:4      | Gained mutation: Your spells are a little easier to cast, but a little less powerful. [potion of mutation]
  4143 | D:4      | Gained mutation: You passively map a small area around you. [potion of mutation]
  4162 | D:4      | Lost mutation: You passively map a small area around you. [potion of cure mutation]
  4162 | D:4      | Lost mutation: You tend to lose your temper in combat. [potion of cure mutation]
  4162 | D:4      | Lost mutation: Your spells are a little easier to cast, but a little less powerful. [potion of cure mutation]
  4242 | D:5      | Entered Level 5 of the Dungeon
  4243 | D:5      | Noticed a slave
  4245 | D:5      | Noticed a slave
  4245 | D:5      | Found a stormy altar of Qazlal.
  4248 | D:5      | Noticed Pikel
  4253 | D:5      | Noticed a slave
  4256 | D:5      | Noticed a slave
  4334 | D:4      | Reached skill level 5 in Dodging
  4420 | D:5      | Noticed a sky beast
  4754 | D:4      | Gained mutation: You are covered in thick fur. (AC +2) [Felid growth]
  4754 | D:4      | Reached XP level 6. HP: 21/28 MP: 7/7
  4759 | D:4      | Killed a sky beast
  5426 | D:5      | Killed Pikel
  5426 | D:5      | Reached skill level 5 in Stealth
  5426 | D:5      | Reached XP level 7. HP: 5/32 MP: 8/8
  5980 | D:4      | Reached XP level 8. HP: 14/36 MP: 9/9
  6251 | D:5      | Learned a level 1 spell: Corona
  6254 | D:5      | Learned a level 2 spell: Ensorcelled Hibernation
  6258 | D:5      | Learned a level 3 spell: Confuse
  7064 | D:6      | Noticed Edmund
  7201 | D:6      | Reached skill level 1 in Evocations
  8163 | D:4      | Killed Edmund
  8163 | D:4      | Reached skill level 1 in Spellcasting
  8163 | D:4      | Reached skill level 2 in Hexes
  8423 | D:5      | Reached skill level 1 in Ice Magic
  8623 | D:5      | Noticed Menkaure
  8936 | D:5      | Killed Menkaure
  8936 | D:5      | Reached skill level 3 in Hexes
  9450 | D:6      | Reached XP level 9. HP: 30/39 MP: 1/13
  9717 | D:6      | Reached skill level 4 in Hexes
  9976 | D:6      | Reached skill level 5 in Hexes
 11380 | D:8      | Found a burning altar of Makhleb.
 11380 | D:8      | Found a shimmering altar of Xom.
 11439 | D:8      | Noticed Grum
 11473 | D:8      | Reached skill level 10 in Unarmed Combat
 11682 | D:8      | Killed Grum
 11682 | D:8      | Reached skill level 6 in Hexes
 11993 | D:8      | Reached XP level 10. HP: 26/43 MP: 12/17
 12019 | D:8      | Found a blossoming altar of Fedhas.
 12019 | D:8      | Found an opulent altar of Gozag.
 12021 | D:8      | Found a sacrificial altar of Ru.
 12022 | D:8      | Found a radiant altar of Vehumet.
 12675 | D:9      | Found a staircase to the Lair.
 12695 | D:9      | Found an iron altar of Okawaru.
 12695 | D:9      | Found a snail-covered altar of Cheibriados.
 12814 | D:9      | Reached skill level 7 in Hexes
 13456 | D:9      | Reached skill level 5 in Spellcasting
 13784 | D:9      | Reached skill level 8 in Hexes
 14138 | D:9      | Found a shattered altar of Ashenzari.
 14287 | D:10     | Entered Level 10 of the Dungeon
 14343 | D:10     | Found a staircase to the Orcish Mines.
 14477 | D:10     | Found Ykacsa Yxa's Antique Armour Shop.
 14514 | D:10     | Found a flagged portal.
 14540 | D:10     | Noticed a hill giant
 14688 | D:10     | Killed a hill giant
 14730 | Bailey   | Entered a bailey
 14890 | Bailey   | Learned a level 1 spell: Magic Dart
 15994 | Bailey   | Noticed an orc knight
 16004 | Bailey   | Killed an orc knight
 16004 | Bailey   | Reached skill level 9 in Hexes
 16004 | Bailey   | Reached XP level 11. HP: 41/46 MP: 16/21
 16236 | Bailey   | Noticed an orc knight
 16249 | Bailey   | Killed an orc knight
 16936 | D:10     | Noticed a two-headed hydra
 17099 | D:10     | Killed a two-headed hydra
 17099 | D:10     | Reached skill level 10 in Hexes
 17912 | D:10     | Noticed an unseen horror
 18102 | D:10     | Killed an unseen horror
 18367 | D:10     | Reached skill level 10 in Stealth
 19822 | D:11     | Reached skill level 11 in Hexes
 19829 | D:11     | Noticed a hill giant
 19846 | D:11     | Killed a hill giant
 20206 | D:12     | Noticed a hill giant
 20219 | D:12     | Killed a hill giant
 20323 | D:12     | Gained mutation: Your thick and shaggy fur keeps you warm. (AC +3, rC+) [Felid growth]
 20323 | D:12     | Reached XP level 12. HP: 19/50 MP: 21/24
 20542 | D:12     | Noticed Sonja
 20726 | Lair:1   | Entered Level 1 of the Lair of Beasts
 20748 | Lair:1   | Found a frozen archway.
 21020 | IceCv    | Entered an ice cave
 22299 | IceCv    | Reached skill level 12 in Hexes
 22313 | IceCv    | Got a pitted hat
 26217 | IceCv    | Noticed a reaper
 27035 | IceCv    | Got a steaming tin ring
 27057 | IceCv    | Identified the ring "Iskootz" {Ice Str+3 Stlth+} (You found it in an ice cave)
 29683 | Lair:2   | Noticed a four-headed hydra
 29692 | Lair:1   | HP: 2/50 [poisoned by a spiny frog]
 29694 | Lair:1   | Succumbed to a spiny frog's poison
 29695 | Lair:1   | Reached XP level 11. HP: 0/46 MP: 24/24
 29762 | Lair:1   | Noticed an eight-headed hydra
 29769 | Lair:1   | Killed an eight-headed hydra
 29814 | Lair:1   | Found a glowing golden altar of the Shining One.
 30186 | D:8      | Slain by a wolf
 30187 | D:8      | Reached XP level 10. HP: 0/43 MP: 23/23
 30876 | Lair:1   | Noticed a spiny frog
 30884 | Lair:1   | Killed a spiny frog
 30884 | Lair:1   | Reached skill level 13 in Hexes
 30971 | Lair:1   | Killed a spiny frog
 31192 | Lair:2   | Noticed a spiny frog
 31197 | Lair:2   | Killed a spiny frog
 31258 | Lair:2   | Found a staircase to the Snake Pit.
 31290 | Lair:1   | Reached XP level 11. HP: 19/46 MP: 16/25
 31740 | Lair:2   | Killed a four-headed hydra
 31876 | Lair:1   | HP: 2/46 [poisoned by a spiny frog]
 31884 | Lair:1   | HP: 2/46 [poisoned by a spiny frog]
 33678 | Lair:1   | Slain by a swamp worm

Skill      XL: |  1  2  3  4  5  6  7  8  9 10 11 12 |
---------------+-------------------------------------+-----
Unarmed Combat | 5 6 8 9 10 12 | 12.2
Stealth        | 2 3 5 7 9 12 11 | 12.0
Dodging        | 5 6 7 8 |  8.9
Fighting       | 4 |  4.5
Evocations     | 1 |  1.4
Spellcasting   | 2 4 9 7 8 |  9.4
Hexes          | 3 6 13 11 12 | 13.6
Ice Magic      | 1 2 3 4 |  4.9

Action                   |  1- 3 |  4- 6 |  7- 9 | 10-12 || total
-------------------------+-------+-------+-------+-------++-------
Melee: Unarmed           |   109 |   263 |   337 |   529 ||  1238
       Bite              |     4 |    22 |    32 |    63 ||   121
       Punch             |     4 |     6 |    16 |    28 ||    54
 Cast: Ensorcelled Hiber |       |       |    38 |   179 ||   217
       Corona            |       |       |    23 |    70 ||    93
       Confuse           |       |       |    12 |   147 ||   159
       Magic Dart        |       |       |       |    41 ||    41
Evoke: Wand              |       |     2 |     1 |     4 ||     7
  Use: Potion            |       |     9 |     4 |     8 ||    21
       Scroll            |       |     1 |     1 |    22 ||    24
 Stab: Sleeping          |     4 |     6 |    17 |    83 ||   110
       Confused          |       |       |       |    26 ||    26
       Distracted        |       |       |       |     4 ||     4
  Eat: Chunk             |     2 |     9 |    21 |    33 ||    65
       Meat ration       |       |       |       |     2 ||     2
Armor: Skin              |     5 |     8 |    18 |    22 ||    53
Dodge: Dodged            |    82 |   189 |   285 |   400 ||   956
